 Dungeon Crawl Stone Soup version 0.19.4-8-ga85b6b9 (webtiles) character file.

696 empire the Magician (level 7, -1/36 HPs)
             Began as a Deep Elf Air Elementalist on Feb 6, 2017.
             Slain by a bullfrog (3 damage)
             ... on level 5 of the Dungeon.
             The game lasted 00:11:45 (3357 turns).

empire the Magician (Deep Elf Air Elementalist)     Turns: 3357, Time: 00:11:45

Health: -1/36      AC:  5    Str:  5    XL:     7   Next: 37%
Magic:  10/18      EV: 19    Int: 26    God:
Gold:   243        SH:  0    Dex: 21    Spells: 5 memorised, 6 levels left

rFire  . . .     SeeInvis .     a - +0 short sword
rCold  . . .     Gourm    +     X - +0 robe
rNeg   . . .     Faith    .     (no shield)
rPois  .         Spirit   .     (no helmet)
rElec  .         Reflect  .     (no cloak)
rCorr  .         Harm     .     (no gloves)
MR     .....                    Z - +2 pair of boots
Stlth  +++.......               e - amulet of the gourmand
                                (no ring)
                                f - ring of flight

@: brilliant, agile, exhausted, slowed, very slow
A: no striking features
a: Evoke Flight


You were on level 5 of the Dungeon.
You were completely stuffed.

You visited 1 branch of the dungeon, and saw 6 of its levels.

You collected 297 gold pieces.
You spent 54 gold pieces at shops.

Inventory:

Hand Weapons
 a - a +0 short sword (weapon)
 b - a +0 long sword
 u - a +1 flail of draining
Armour
 m - a +3 ring mail of poison resistance
 X - a +0 robe (worn)
 Z - a +2 pair of boots (worn)
Jewellery
 e - an amulet of the gourmand (around neck)
 f - a ring of flight (left hand)
 r - a cursed ring of teleportation
Scrolls
 d - 4 scrolls of remove curse {unknown}
 h - 3 scrolls of fog {unknown}
 l - a scroll of identify {unknown}
 q - a scroll of noise {unknown}
 v - a scroll of fear {unknown}
 y - a scroll of amnesia {unknown}
Potions
 i - a potion of curing {unknown}
 k - a potion of degeneration {unknown}
 o - a potion of resistance {unknown}
 t - a potion of berserk rage
Books
 z - a book of Air

   Spells                             Type                      Level
   a - Shock                          Conjuration/Air              1
   b - Swiftness                      Charms/Air                   2
   c - Repel Missiles                 Charms/Air                   2
   d - Static Discharge               Conjuration/Air              3
   e - Lightning Bolt                 Conjuration/Air              5
Comestibles
 c - 3 bread rations
 g - 4 meat rations
 j - a beef jerky
 n - 3 chunks of flesh
 x - a fruit


   Skills:
 - Level 3.0 Dodging
 - Level 2.4 Stealth
 + Level 6.6 Spellcasting
 + Level 5.0 Conjurations
 - Level 2.2 Charms
 + Level 5.2 Air Magic


You had 6 spell levels left.
You knew the following spells:

 Your Spells              Type           Power        Failure   Level  Hunger
a - Shock                 Conj/Air       ####         1%          1    None
b - Swiftness             Chrm/Air       #####...     1%          2    None
c - Repel Missiles        Chrm/Air       #####.       1%          2    None
d - Static Discharge      Conj/Air       ######..     1%          3    None
e - Lightning Bolt        Conj/Air       ######....   3%          5    #####..


Dungeon Overview and Level Annotations

Branches:
Dungeon (6/15)
 Temple: D:4-7

Altars:

Shops:
D:4 =


Message History

Something tries to affect you, but you resist.
Some of the chunks of flesh in your inventory have rotted away.
You start to feel a little faster.
The bullfrog misses you.
A bullfrog comes into view.
There is a stone staircase leading up here.
The bullfrog barely misses you. The bullfrog hits you.
* * * LOW HITPOINT WARNING * * *
You climb upwards.
There is a stone staircase leading down here.
It was a potion of cure mutation.
It has a very clean taste.
The bullfrog hits you but does no damage.
The bullfrog barely misses you.
You no longer feel sluggish.
The bullfrog hits you but does no damage.
The bullfrog completely misses you.
It was a potion of brilliance.
You feel clever all of a sudden. The bullfrog hits you.
You die...

#.##.# #........##
#.##.###.######.##
#.##.....# #.##
#.####.### #.รท.
#.# #.# #### #.#
#.# # #.# #.# #
#F# #.# # #@# #.#
# #.# #.# # ..#
#.# # ...# # .....
# ...... . .#.....
#.##....#


You could see a bullfrog.

Vanquished Creatures
  Grinder (D:4)
  The ghost of Thrillho the Conjurer, an amateur DECj (D:3)
  A howler monkey (D:4)
  A hound (D:4)
  3 orc priests
  A centaur zombie (D:5)
  An orc wizard (D:3)
  Ijyb (D:2)
  A worker ant zombie (D:4)
  4 gnolls (D:4)
  8 adders
  A worm (D:2)
  4 dart slugs (D:1)
  2 leopard geckos
  6 orcs
  5 giant cockroaches
  4 hobgoblins
  2 jackals (D:1)
  2 quokkas (D:4)
  2 bats
  3 frilled lizards
  5 goblins
  A jackal skeleton (D:4)
  13 kobolds
  A leopard gecko skeleton (D:4)
  5 rats
79 creatures vanquished.

Notes
Turn   | Place    | Note
-------+----------+-------------------------------------------
     0 | D:1      | empire the Deep Elf Air Elementalist began the quest for the Orb.
     0 | D:1      | Reached XP level 1. HP: 10/10 MP: 6/6
   229 | D:1      | Reached XP level 2. HP: 15/15 MP: 6/8
   774 | D:2      | Reached XP level 3. HP: 19/19 MP: 10/10
   819 | D:2      | Learned a level 2 spell: Swiftness
   822 | D:2      | Learned a level 2 spell: Repel Missiles
   826 | D:2      | Learned a level 3 spell: Static Discharge
  1244 | D:2      | Reached skill level 4 in Spellcasting
  1268 | D:2      | Noticed Ijyb
  1279 | D:2      | Killed Ijyb
  1279 | D:2      | Reached skill level 1 in Charms
  1279 | D:2      | Reached XP level 4. HP: 24/24 MP: 0/12
  1651 | D:3      | Reached XP level 5. HP: 15/28 MP: 3/13
  1658 | D:3      | Learned a level 5 spell: Lightning Bolt
  1985 | D:3      | Noticed Thrillho's ghost (amateur DECj)
  1991 | D:3      | Killed Thrillho's ghost
  1991 | D:3      | Reached skill level 5 in Spellcasting
  2011 | D:3      | Reached XP level 6. HP: 31/32 MP: 5/15
  2419 | D:4      | Found Xipof's Jewellery Shop.
  2498 | D:4      | Bought a cursed ring of teleportation for 54 gold pieces
  2970 | D:4      | Noticed Grinder
  2980 | D:4      | Killed Grinder
  2980 | D:4      | Reached skill level 6 in Spellcasting
  2980 | D:4      | Reached skill level 5 in Air Magic
  2980 | D:4      | Reached XP level 7. HP: 36/36 MP: 7/18
  3280 | D:5      | Entered Level 5 of the Dungeon
  3308 | D:5      | Reached skill level 5 in Conjurations
  3353 | D:6      | HP: 1/36 [bullfrog (4)]
  3357 | D:5      | Slain by a bullfrog

Skill      XL: |  1  2  3  4  5  6  7 |
---------------+----------------------+-----
Conjurations   | 2 3 4 5 |  5.0
Spellcasting   | 4 5 6 |  6.6
Charms         | 1 2 |  2.2
Dodging        | 3 |  3.0
Air Magic      | 4 5 |  5.2
Stealth        | |  2.4

Action                   |  1- 3 |  4- 6 |  7- 9 || total
-------------------------+-------+-------+-------++-------
Melee: Short sword       |    20 |     7 |     1 ||    28
 Cast: Shock             |    60 |   104 |    22 ||   186
       Swiftness         |       |     2 |     1 ||     3
  Use: Potion            |       |       |     4 ||     4
 Stab: Sleeping          |       |     2 |       ||     2
  Eat: Chunk             |     3 |    13 |     1 ||    17
Armor: Robe              |     5 |     6 |     3 ||    14
Dodge: Dodged            |    23 |    21 |     9 ||    53
